 Dungeon Crawl Stone Soup version 0.24-a0-264-gf46a388 (webtiles) character file.

Game seed: 12311144724688010627

116992 Gunnerkreig the Thaumaturge (level 16, -22/114 HPs)
             Began as an Octopode Wizard on Apr 19, 2019.
             Was a High Priest of Vehumet.
             Killed from afar by a lich (50 damage)
             ... with a crystal spear
             ... on level 1 of the Depths on Apr 20, 2019.
             The game lasted 03:05:58 (39779 turns).

Gunnerkreig the Thaumaturge (Octopode Wizard)      Turns: 39779, Time: 03:05:59

Health: -22/114    AC:  8    Str:  8    XL:     16   Next: 72%
Magic:  0/41       EV: 19    Int: 26    God:    Vehumet [*****.]
Gold:   857        SH: 15    Dex: 13    Spells: 11/40 levels left

rFire    + + .     SeeInvis +   l - +8 whip "Ulluosan" {elec, MP+9 Int+3}
rCold    . . .     Gourm    +   T - +5 shield of the Lily {rN+ Stlth+}
rNeg     + . .     Faith    .   f - +2 hat {MR+}
rPois    +         Spirit   .   N - amulet of the gourmand
rElec    +         Reflect  .   j - +5 ring of protection
rCorr    .         Harm     .   w - ring of stealth
MR       +++..                  Y - ring of protection from fire
Stlth    ++++++....             t - ring of poison resistance
HPRegen  0.29/turn              I - ring of protection from magic
MPRegen  0.27/turn              P - ring of see invisible
                                k - ring "Tusinoru" {rElec rF+}
                                m - ring of wizardry

@: hasted, lightly drained, very quick
A: almost no armour, stealthy swim, amphibious, 8 rings, constrict 8, camouflage
1, gelatinous body 1
a: Renounce Religion


You were on level 1 of the Depths.
You worshipped Vehumet.
Vehumet was extremely pleased with you.
You were full.

You visited 5 branches of the dungeon, and saw 25 of its levels.
You also visited: Gauntlet and Ice Cave.

You collected 2613 gold pieces.
You spent 1756 gold pieces at shops.

Inventory:

Hand Weapons
 l - the +8 whip "Ulluosan" (weapon) {elec, MP+9 Int+3}
   (You found it on level 4 of the Dungeon)

   Occasionally, upon striking a foe, it will discharge some electrical energy
   and cause terrible harm.
   It affects your intelligence (+3).
   It affects your magic capacity (+9).
 K - a +5 trident of freezing
Missiles
 J - 3 throwing nets
 X - 18 steel javelins (quivered)
Armour
 f - a +2 hat of magic resistance (worn)
 T - the +5 shield of the Lily (worn) {rN+ Stlth+}
   (You found it on level 3 of the Lair of Beasts)

   It protects you from negative energy.
   It makes you more stealthy.
Magical Staves
 L - an uncursed staff of cold
 V - an uncursed staff of fire
Jewellery
 j - a +5 ring of protection (left tentacle)
 k - the ring "Tusinoru" (on tentacle) {rElec rF+}
   (You took it off a minotaur in a Gauntlet)

   [ring of protection from fire]

   It protects you from fire.
   It insulates you from electricity.
 m - a ring of wizardry (on tentacle)
 o - an uncursed ring of protection from cold
 t - a ring of poison resistance (on tentacle)
 w - a ring of stealth (right tentacle)
 I - a ring of protection from magic (on tentacle)
 N - an amulet of the gourmand (around mantle)
 P - a ring of see invisible (on tentacle)
 R - an uncursed ring of protection from cold
 Y - a ring of protection from fire (on tentacle)
Wands
 h - a wand of scattershot (5)
 y - a wand of disintegration (17)
 D - a wand of iceblast (25)
 O - a wand of acid (6)
 Q - a wand of digging (3)
 U - a wand of clouds (1)
Scrolls
 g - 4 scrolls of magic mapping
 i - 5 scrolls of immolation
 p - a scroll of summoning
 q - 4 scrolls of fog
 r - a scroll of acquirement
 u - 9 scrolls of remove curse
 x - a scroll of identify
 C - 3 scrolls of fear
 E - 6 scrolls of blinking
 H - 9 scrolls of teleportation
Potions
 a - 2 potions of haste
 b - 4 potions of brilliance
 d - 4 potions of agility
 e - 5 potions of cancellation
 n - 5 potions of lignification
 s - 2 potions of might
 v - a potion of heal wounds
 z - 10 potions of curing
 A - 2 potions of invisibility
 F - a potion of magic
 M - 4 potions of flight
 W - 2 potions of resistance
Miscellaneous
 S - a phial of floods
Comestibles
 c - 64 rations


   Skills:
 - Level 12.3(11.9) Fighting
 + Level 9.5(9.2) Maces & Flails
 - Level 12.3(11.9) Dodging
 - Level 5.0(4.7) Stealth
 + Level 8.5(8.2) Shields
 + Level 12.9(12.5) Spellcasting
 + Level 10.6(10.2) Conjurations
 - Level 4.0(3.7) Charms
 - Level 2.0(1.7) Summonings
 - Level 3.0(2.7) Necromancy
 - Level 3.0(2.7) Translocations
 - Level 5.0(4.7) Fire Magic
 - Level 3.0(2.7) Air Magic
 - Level 5.0(4.6) Earth Magic
 - Level 1.0(0.7) Poison Magic
 - Level 5.0(4.6) Evocations


You had 11 spell levels left.
You knew the following spells:

 Your Spells              Type           Power        Failure   Level  Hunger
a - Airstrike             Air            ####......   3%          4    None
b - Conjure Flame         Conj/Fire      ######..     1%          3    None
c - Mephitic Cloud        Conj/Pois/Air  #####...     1%          3    None
d - Shroud of Golubria    Chrm/Tloc      ####......   1%          2    None
e - Regeneration          Chrm/Necr      ####......   2%          3    None
f - Shock                 Conj/Air       ####         1%          1    None
r - Bolt of Magma         Conj/Fire/Erth ######....   1%          5    ###....
s - Summon Butterflies    Summ           ####....     1%          1    None
w - Iskenderun's Battles  Conj/Chrm      ######..     1%          5    ###....
y - Blink                 Tloc           N/A          1%          2    None

Your spell library contained the following spells:

 Spells                   Type           Power        Failure   Level  Hunger
 Conjure Ball Lightning   Conj/Air       ######....   10%         6    #####..
 Flame Tongue             Conj/Fire      #####        1%          1    None
 Infusion                 Chrm           ####         1%          1    None
 Magic Dart               Conj           ####         1%          1    None
 Song of Slaying          Chrm           #####...     1%          2    None
 Swiftness                Chrm/Air       ####....     1%          2    None
 Static Discharge         Conj/Air       ######..     1%          3    None
 Lightning Bolt           Conj/Air       ######....   1%          5    ###....
 Call Imp                 Summ           ####....     2%          2    None
 Poisonous Vapours        Pois/Air       ####..       2%          2    None
 Beastly Appendage        Tmut           ###...       3%          1    None
 Venom Bolt               Conj/Pois      #####.....   3%          5    ###....
 Call Canine Familiar     Summ           ####....     4%          3    None
 Spectral Weapon          Hex/Chrm       ####....     4%          3    None
 Slow                     Hex            ###.....     5%          2    None
 Sticks to Snakes         Tmut           ###.....     5%          2    None
 Iron Shot                Conj/Erth      ######....   7%          6    #####..
 Spider Form              Tmut/Pois      ###.......   9%          3    None
 Orb of Destruction       Conj           ######....   12%         7    ######.
 Summon Ice Beast         Ice/Summ       ###.....     22%         4    None
 Freezing Cloud           Conj/Ice/Air   #####.....   22%         6    #####..
 Ice Form                 Ice/Tmut       ###.....     32%         4    None
 Summon Forest            Summ/Tloc      ####......   34%         5    ###....
 Spellforged Servitor     Conj/Summ      #####.....   47%         7    ######.
 Summon Mana Viper        Hex/Summ       ###.....     52%         5    ###....
 Blade Hands              Tmut           ###.......   65%         5    ###....
 Ring of Flames           Chrm/Fire      #####.....   99%         7    ######.
 Ignition                 Fire           #####.....   99%         8    #######
 Summon Hydra             Summ           ####......   100%        7    ######.


Dungeon Overview and Level Annotations

Branches:
Dungeon (15/15)            Temple (1/1) D:5            Lair (6/6) D:9
 Shoals (0/4) Lair:3       Spider (0/4) Lair:3        Slime (0/5) Lair:6
    Orc (2/2) D:11            Elf (0/3) Orc:2        Vaults (0/5) D:14
 Depths (1/5) D:15

Altars:
Ashenzari
Cheibriados
Dithmenos
Elyvilon
Fedhas
Gozag
Hepliaklqana
Kikubaaqudgha
Makhleb
Nemelex Xobeh
Okawaru
Qazlal
Ru
Sif Muna
Trog
Uskayaw
Vehumet
Wu Jian
Xom
Yredelemnul
Zin
The Shining One
Beogh
Jiyva

Shops:
D:10 (   D:11 [%?   Orc:2 %:![

Annotations:
D:5 need dig for longsword
D:6 ghost and scroll, stupendous's ghost, novice FoFi
D:13 ghost, wraiths, mightpots, regis's ghost, journeyman DsBe
Lair:1 140g+oklob
Lair:4 spriggans, antimagic dwhip, crap loot, Ahiz's ghost, journeyman MiBe
Lair:6 slime pit vault 3 azure jellies


Innate Abilities, Weirdness & Mutations

You cannot wear most types of armour.
You are very stealthy in the water. (Stealth+)
You are amphibious.
You can wear up to eight rings at the same time.
You can use your tentacles to constrict eight enemies at once.
Your skin changes colour to match your surroundings (Stealth+).
Your rubbery body absorbs attacks. (AC +1, EV +1)


Message History

Your shroud falls apart!
Your magical contamination has completely faded away.
There is an open door, spattered with blood here.
You closely miss the lich. You grab the lich.
The lich is moderately damaged.
You constrict the lich. The lich touches you!
* * * LOW HITPOINT WARNING * * *
You partially resist.
You feel drained.
Casting: Bolt of Magma (safe; 1% risk of failure)
Confirm with . or Enter, or press ? or * to list all spells.
You blink.
You lose your grip on the lich.
Found 21 gold pieces.
Okay, then.
Blink to where?
Press: ? - help, Dir - move target cursor, p - lich
Okay, then.
You feel yourself speed up. The lich misses you. x2
The lich points at you and mumbles some strange words.
The crystal spear hits you!!!
You die...

+########.
#..........# #
#..######..# .#
#..#≈§≈≈#<.# .#
#$/#§§≈§#..#..#
#..#§§≈≈#..#.#
#..#§§≈≈#..'.#
#..######..#
#....@.L...#
#########§##
#†# #.# #†# #.#
..# ###


You could see a lich.

Vanquished Creatures
  Jorgrun (D:13)
  Gastronok (Orc:1)
  A frost giant (IceCv)
  An orc warlord (Orc:2)
  Azrael (D:13)
  A minotaur (Gauntlet)
  Snorg (D:13)
  A fire dragon (Depths:1)
  Josephine (D:13)
  3 ogre magi
  2 centaur warriors (D:15)
  Erolcha (Orc:1)
  12 two-headed ogres
  A catoblepas (Lair:6)
  7 hydras
  Erica (D:8)
  A deep troll shaman (Lair:6)
  A queen ant (Lair:3)
  3 death yaks (Lair:6)
  Urug (D:11)
  3 orc high priests (Orc:2)
  3 skeletal warriors (D:15)
  Nergalle (Lair:4)
  3 unseen horrors
  A lindwurm (Lair:6)
  6 orc knights
  A wolf spider zombie (D:13)
  10 oklob plants
  6 orc sorcerers (Orc:2)
  A deep elf mage (D:13)
  2 cyclopes
  A moth of wrath (Gauntlet)
  A manticore (D:15)
  5 ugly things
  2 black mambas
  An ice statue (IceCv)
  A gargoyle (D:14)
  A merfolk siren (Lair:3)
  28 elephants
  10 spiny frogs
  4 komodo dragons
  3 kobold demonologists (D:15)
  5 rime drakes
  A queen bee (Lair:3)
  6 jumping spiders (Lair:3)
  3 trolls
  24 polar bears
  A hippogriff (shapeshifter) (D:15)
  20 blink frogs
  3 hornets
  8 slime creatures
  10 hippogriffs
  3 redbacks (Lair:3)
  4 shadows (Gauntlet)
  64 yaks
  Sigmund (D:6)
  7 wraiths
  5 wyverns
  3 fire elementals (D:13)
  A basilisk (D:13)
  4 fire bats (D:14)
  Eustachio (D:5)
  Menkaure (D:5)
  Edmund (D:6)
  2 wargs (Orc:1)
  4 acid dragons
  10 water moccasins
  6 soldier ants (Lair:3)
  A hell hound (D:14)
  3 porcupines
  2 eyes of draining
  27 orc warriors
  A sky beast (D:13)
  A black bear (Lair:6)
  An ice beast (D:5)
  A necrophage (D:10)
  5 phantoms
  4 centaurs (D:15)
  11 ogres
  60 wolves
  12 crocodiles
  Blork the orc (D:5)
  13 bullfrogs
  2 big kobolds
  2 wyvern zombies (D:12)
  A gnoll sergeant (D:5)
  A wyvern skeleton (D:7)
  3 scorpions
  13 wights
  33 killer bees
  4 howler monkeys
  2 bullfrog zombies (D:12)
  12 crimson imps
  2 lava snakes (D:14)
  2 centaur zombies
  5 hounds
  A jelly (D:11)
  22 orc priests
  4 centaur skeletons
  27 orc wizards
  2 bullfrog skeletons (D:5)
  35 worker ants
  3 hell rats (Lair:6)
  2 hound skeletons
  16 gnolls
  8 adders
  3 river rats (Lair:6)
  7 shadow imps
  An ooze (D:1)
  2 adder zombies
  An adder skeleton (D:7)
  3 worms
  3 dart slugs
  5 leopard geckos
  77 orcs
  A ball python (D:3)
  4 giant cockroaches
  8 goblins
  9 hobgoblins
  7 jackals
  15 kobolds
  4 quokkas
  7 bats
  4 frilled lizards
  3 leopard gecko skeletons
  12 rats
  A bush (Lair:5)
  3 fire vortices (D:14)
  5 plants
864 creatures vanquished.

Vanquished Creatures (collateral kills)
  An orc knight (Orc:2)
  A soldier ant (Lair:3)
  A worker ant (Lair:3)
3 creatures vanquished.

Vanquished Creatures (others)
  A fire giant (D:15)
  A yak (IceCv)
  27 fungi
  7 plants
36 creatures vanquished.

Grand Total: 903 creatures vanquished

Notes
Turn   | Place    | Note
-------+----------+-------------------------------------------
     0 | D:1      | Gunnerkreig the Octopode Wizard began the quest for the
                  | Orb.
     0 | D:1      | Reached XP level 1. HP: 11/11 MP: 4/4
    92 | D:1      | Reached XP level 2. HP: 7/18 MP: 0/6
   969 | D:1      | Reached XP level 3. HP: 18/22 MP: 7/7
  1280 | D:2      | Learned a level 3 spell: Conjure Flame
  1284 | D:2      | Learned a level 3 spell: Mephitic Cloud
  1330 | D:2      | Reached skill level 1 in Fighting
  1597 | D:2      | Reached XP level 4. HP: 5/28 MP: 0/9
  2555 | D:2      | You fall through a shaft for 2 floors!
  2558 | D:4      | Got a polished whip
  2559 | D:4      | Identified the +8 whip "Ulluosan" {elec, MP+9 Int+3} (You
                  | found it on level 4 of the Dungeon)
  2627 | D:4      | Reached XP level 5. HP: 34/34 MP: 10/10
  2752 | D:4      | Learned a level 2 spell: Blink
  2755 | D:4      | Learned a level 2 spell: Call Imp
  3796 | D:4      | Reached XP level 6. HP: 22/39 MP: 8/11
  4095 | D:4      | Reached skill level 1 in Poison Magic
  4145 | D:4      | Reached skill level 1 in Maces & Flails
  4419 | D:4      | Noticed a phantom
  4433 | D:4      | Killed a phantom
  4433 | D:4      | Reached skill level 1 in Fire Magic
  4433 | D:4      | Reached skill level 1 in Air Magic
  4433 | D:4      | Reached XP level 7. HP: 40/45 MP: 12/12
  4844 | D:4      | Found a shattered altar of Ashenzari.
  5077 | D:5      | Entered Level 5 of the Dungeon
  5077 | D:5      | Found a staircase to the Ecumenical Temple.
  5079 | D:5      | Reached skill level 5 in Stealth
  5172 | Temple   | Entered the Ecumenical Temple
  5177 | Temple   | Became a worshipper of Vehumet
  5268 | D:5      | Noticed Eustachio
  5269 | D:5      | Noticed Blork the orc
  5428 | D:4      | Reached XP level 8. HP: 50/50 MP: 14/14
  5504 | D:5      | Reached skill level 5 in Conjurations
  5665 | D:5      | Killed Eustachio
  5782 | D:5      | Killed Blork the orc
  6028 | D:5      | Noticed Menkaure
  6076 | D:5      | Killed Menkaure
  6468 | D:5      | Reached skill level 5 in Spellcasting
  6985 | D:6      | Reached XP level 9. HP: 39/55 MP: 16/16
  7181 | D:6      | Found a runed translucent door.
  7186 | D:6      | Noticed stupendous's ghost (novice FoFi)
  7341 | D:6      | Found a deep blue altar of Sif Muna.
  7898 | D:6      | Noticed Sigmund
  7915 | D:6      | Killed Sigmund
  7915 | D:6      | Noticed Edmund
  7945 | D:6      | Killed Edmund
  8157 | D:7      | Reached * piety under Vehumet
  8157 | D:7      | Offered knowledge of Sting by Vehumet.
  8898 | D:8      | Noticed Erica
  8922 | D:8      | Killed Erica
  8922 | D:8      | Reached skill level 5 in Fighting
  8922 | D:8      | Reached XP level 10. HP: 35/66 MP: 19/19
  9006 | D:8      | Reached skill level 5 in Maces & Flails
  9006 | D:8      | Reached skill level 5 in Dodging
  9011 | D:8      | Learned a level 2 spell: Shroud of Golubria
  9015 | D:8      | Learned a level 3 spell: Regeneration
  9240 | D:8      | Offered knowledge of Throw Frost by Vehumet.
  9459 | D:8      | Reached ** piety under Vehumet
  9707 | D:8      | You fall through a shaft for 3 floors!
  9712 | D:10     | Entered Level 10 of the Dungeon
  9827 | D:9      | Reached skill level 1 in Charms
 10440 | D:9      | Found a blossoming altar of Fedhas.
 10526 | D:9      | Found a staircase to the Lair.
 11036 | D:10     | Identified the Compendium of Creative Heat
 11139 | D:10     | Found Qekes's Antique Weapon Boutique.
 11303 | D:11     | Found Maacoonu's Food Emporium.
 11322 | D:11     | Noticed Urug
 11335 | D:11     | Killed Urug
 11609 | D:11     | Noticed a six-headed hydra
 11620 | D:11     | Killed a six-headed hydra
 11620 | D:11     | Reached XP level 11. HP: 58/72 MP: 21/21
 11664 | D:11     | Found Xouprerr's Antique Armour Boutique.
 11876 | D:11     | Found a staircase to the Orcish Mines.
 11881 | D:11     | Offered knowledge of Ignite Poison by Vehumet.
 11954 | D:11     | Found a roughly hewn altar of Beogh.
 11992 | D:11     | Found Kuplug's Magic Scroll Boutique.
 12087 | D:11     | Noticed a cyan ugly thing
 12093 | D:11     | Killed a cyan ugly thing
 12418 | Lair:1   | Entered Level 1 of the Lair of Beasts
 12937 | Lair:1   | Reached *** piety under Vehumet
 13089 | Lair:1   | Offered knowledge of Force Lance by Vehumet.
 13713 | Lair:1   | Noticed an oklob plant
 13713 | Lair:1   | Noticed an oklob plant
 13713 | Lair:1   | Noticed an oklob plant
 13713 | Lair:1   | Noticed an oklob plant
 14370 | Lair:2   | Reached XP level 12. HP: 82/82 MP: 24/24
 14664 | Lair:2   | Noticed a five-headed hydra
 14675 | Lair:2   | Killed a five-headed hydra
 15289 | Lair:2   | Reached skill level 10 in Conjurations
 16020 | Lair:3   | Reached **** piety under Vehumet
 16285 | Lair:3   | Found a staircase to the Shoals.
 16762 | Lair:3   | Offered knowledge of Yara's Violent Unravelling by Vehumet.
 17000 | Lair:3   | Reached XP level 13. HP: 53/91 MP: 26/26
 17247 | Lair:3   | Reached skill level 10 in Spellcasting
 17267 | Lair:3   | Found a hole to the Spider Nest.
 17737 | Lair:3   | Reached skill level 10 in Fighting
 17745 | Lair:3   | Reached skill level 10 in Dodging
 17786 | Lair:3   | Reached ***** piety under Vehumet
 18169 | Lair:3   | Offered knowledge of Iskenderun's Battlesphere by Vehumet.
 19562 | Lair:4   | Learned a level 5 spell: Iskenderun's Battlesphere
 19572 | Lair:4   | Found a transporter.
 19572 | Lair:4   | Found a transporter.
 19756 | Lair:4   | Reached skill level 1 in Evocations
 19760 | Lair:4   | Reached skill level 1 in Necromancy
 20228 | Lair:3   | Got a pitted shield
 20234 | Lair:3   | Identified the +5 shield of the Lily {rN+ Stlth+} (You
                  | found it on level 3 of the Lair of Beasts)
 20583 | Lair:5   | Found a frozen archway.
 20599 | IceCv    | Entered an ice cave
 20608 | IceCv    | Reached skill level 1 in Shields
 21852 | IceCv    | Reached XP level 14. HP: 66/99 MP: 28/28
 22149 | IceCv    | Noticed a frost giant
 22189 | IceCv    | Killed a frost giant
 23326 | Lair:4   | Noticed Nergalle
 23332 | Lair:4   | Killed Nergalle
 23509 | Lair:4   | Found a bloodstained altar of Trog.
 23518 | Lair:4   | Noticed Ahiz's ghost (journeyman MiBe)
 23526 | Lair:4   | Identified the cursed +1 demon whip of the Sky {antimagic,
                  | rPois}
 23530 | Lair:4   | Identified the +10 demon trident of Xaleq {protect, +Blink
                  | rElec SInv Stlth-}
 23805 | Lair:5   | Offered knowledge of Bolt of Cold by Vehumet.
 25413 | Lair:5   | Reached skill level 5 in Evocations
 26330 | Lair:6   | Entered Level 6 of the Lair of Beasts
 27027 | Lair:6   | Identified a scroll of acquirement
 27434 | Lair:6   | Reached skill level 5 in Shields
 28047 | Lair:6   | Found a runed translucent door.
 28047 | Lair:6   | Found a viscous altar of Jiyva.
 28047 | Lair:6   | Found a staircase to the Slime Pits.
 28047 | Lair:6   | Noticed an azure jelly
 28047 | Lair:6   | Noticed an azure jelly
 28047 | Lair:6   | Noticed an azure jelly
 28445 | Lair:6   | Reached XP level 15. HP: 47/108 MP: 30/30
 29106 | Lair:1   | Offered knowledge of Irradiate by Vehumet.
 29266 | Orc:1    | Entered Level 1 of the Orcish Mines
 29423 | Orc:1    | Found a roughly hewn altar of Beogh.
 30095 | Orc:2    | Entered Level 2 of the Orcish Mines
 30734 | Orc:2    | Found Kydaich's Antique Armour Shop.
 30737 | Orc:2    | Found Kizosung's Distillery.
 30904 | Orc:2    | Found Wehoc's Book Shoppe.
 30906 | Orc:2    | Found Opruorog's Food Shop.
 31040 | Orc:2    | Found a roughly hewn altar of Beogh.
 31125 | Orc:2    | Found a staircase to the Elven Halls.
 31162 | Orc:2    | Noticed an orc warlord
 31191 | Orc:2    | Killed an orc warlord
 31548 | Orc:1    | Noticed Gastronok
 31674 | Orc:1    | Noticed Erolcha
 31831 | Orc:1    | Killed Erolcha
 31840 | Orc:1    | Killed Gastronok
 32103 | Orc:2    | Bought a book of Power for 540 gold pieces
 32103 | Orc:2    | Bought a book of Air for 420 gold pieces
 32111 | Orc:2    | Bought a potion of haste for 140 gold pieces
 32111 | Orc:2    | Bought a potion of haste for 140 gold pieces
 32111 | Orc:2    | Bought a potion of haste for 140 gold pieces
 32111 | Orc:2    | Bought a potion of ambrosia for 112 gold pieces
 32111 | Orc:2    | Bought a potion of curing for 42 gold pieces
 32111 | Orc:2    | Bought a potion of curing for 42 gold pieces
 32217 | D:11     | Bought a scroll of summoning for 104 gold pieces
 32217 | D:11     | Bought a scroll of amnesia for 38 gold pieces
 32217 | D:11     | Bought a scroll of magic mapping for 38 gold pieces
 32242 | D:12     | Found a gate leading to a gauntlet.
 32312 | Gauntlet | Entered a Gauntlet
 32312 | Gauntlet | Found a transporter.
 32312 | Gauntlet | Found a transporter.
 32312 | Gauntlet | Found a transporter.
 32315 | Gauntlet | Found a transporter.
 32317 | Gauntlet | Found a transporter.
 32319 | Gauntlet | Found a transporter.
 32325 | Gauntlet | Found a transporter.
 32328 | Gauntlet | Found a transporter.
 32330 | Gauntlet | Found a large runed translucent door.
 32330 | Gauntlet | Found a transporter.
 32331 | Gauntlet | Found a transporter.
 32331 | Gauntlet | Found a large runed translucent door.
 32332 | Gauntlet | Found a large runed translucent door.
 32332 | Gauntlet | Found a large runed translucent door.
 32332 | Gauntlet | Found a runed translucent door.
 32333 | Gauntlet | Found a large runed translucent door.
 32334 | Gauntlet | Found a large runed translucent door.
 32335 | Gauntlet | Found a large runed translucent door.
 32335 | Gauntlet | Found a large runed translucent door.
 32336 | Gauntlet | Found a runed translucent gate.
 32336 | Gauntlet | Found a runed translucent gate.
 32338 | Gauntlet | Found a transporter.
 32338 | Gauntlet | Found a transporter.
 32348 | Gauntlet | Found a runed translucent gate.
 32349 | Gauntlet | Found a large runed translucent door.
 32349 | Gauntlet | Found a large runed translucent door.
 32350 | Gauntlet | Found a large runed translucent door.
 32351 | Gauntlet | Found a large runed translucent door.
 32364 | Gauntlet | Found a large runed translucent door.
 32364 | Gauntlet | Found a large runed translucent door.
 32364 | Gauntlet | Found a runed translucent door.
 32365 | Gauntlet | Found a large runed translucent door.
 32366 | Gauntlet | Found a large runed translucent door.
 32456 | Gauntlet | Found a runed translucent door.
 32607 | Gauntlet | Learned a level 5 spell: Bolt of Magma
 32609 | Gauntlet | Learned a level 1 spell: Shock
 32615 | Gauntlet | Learned a level 4 spell: Airstrike
 33172 | Gauntlet | Got a scorched cloak
 33247 | Gauntlet | Identified the ring "Tusinoru" {rElec rF+}
 33301 | Gauntlet | Reached skill level 1 in Earth Magic
 33349 | Gauntlet | Identified the -1 cloak of Decompression {Str+3} (You found
                  | it in a Gauntlet)
 33560 | D:12     | Found a shadowy altar of Dithmenos.
 34536 | D:13     | Noticed Azrael
 34552 | D:13     | Killed Azrael
 34694 | D:13     | Noticed Snorg
 34705 | D:13     | Killed Snorg
 34705 | D:13     | Offered knowledge of Lee's Rapid Deconstruction by Vehumet.
 34830 | D:13     | Noticed Jorgrun
 34840 | D:13     | Killed Jorgrun
 35493 | D:13     | Reached XP level 16. HP: 62/114 MP: 30/32
 35798 | D:13     | Found a runed translucent gate.
 35799 | D:13     | Found a runed translucent gate.
 35806 | D:13     | Found a runed translucent gate.
 35806 | D:13     | Noticed regis's ghost (journeyman DsBe)
 35817 | D:13     | Noticed Josephine
 35827 | D:13     | Killed Josephine
 36933 | D:14     | Reached skill level 5 in Fire Magic
 37096 | D:14     | Found a gate to the Vaults.
 37210 | D:14     | Learned a level 1 spell: Summon Butterflies
 37603 | D:15     | Entered Level 15 of the Dungeon
 37844 | D:15     | Offered knowledge of Conjure Ball Lightning by Vehumet.
 38010 | D:15     | Reached ****** piety under Vehumet
 38062 | D:15     | Found a glowing golden altar of the Shining One.
 38245 | D:15     | HP: 5/114 [fire giant/+0 great sword of flaming (2)]
 38617 | D:15     | Found a staircase to the Depths.
 38703 | D:15     | Reached skill level 5 in Earth Magic
 39706 | Depths:1 | Entered Level 1 of the Depths
 39742 | Depths:1 | Noticed a lich
 39779 | Depths:1 | Killed from afar by a lich

Levels and vault maps discovered:
D:1:      onia_arrival_handbag, layout_loops_ring, hangedman_decor_points,
          minmay_misc_feat_secret_circle, minmay_ruptured
D:2:      cheibrodos_helix_gallery, layout_loops_ring, first_ration,
          serial_bayou, serial_bayou_pond_d, serial_bayou_ford_a,
          serial_bayou_pond_d, serial_bayou_pond_e, minmay_misc_feat_hallway,
          minmay_pentomino_q4
D:3:      layout_rooms
D:4:      minmay_chambers_of_threes, layout_basic, serial_glass,
          glass_columns_b, glass_columns_a, nicolae_ashenzari_panopticon
D:5:      layout_gridville, minmay_temple_entry_glass,
          hangedman_abyss_or_decor_jellyfish_corner, mrwooster_statue_mirror,
          sword_in_stone, uniq_menkaure
D:6:      layout_loops_ring, old_standard_altar, ebering_ghost_sewer_d,
          grunt_ministairs_8, sigmund_edmund_badplayer
D:7:      layout_rooms, grunt_ogre_cave
D:8:      layout_rooms, hangedman_decor_clover_reticule, uniq_erica
D:9:      layout_loops_cross, lair_entry_dummy, fedhas_altar_fruit_tree
D:10:     layout_loops_ring, serial_shops, nicolae_shop_stone,
          columned_hall_lemuel
D:11:     layout_basic, minmay_orc_entry_temple_small, serial_shops,
          kennysheep_mini_moat, shop, shop, uniq_urug
D:12:     layout_cave_pools, gauntlet_entry_generic,
          nicolae_dithmenos_shadow_blocks
D:13:     layout_roguey, gammafunk_ghost_spectres, uniq_azrael, uniq_jorgrun,
          uniq_snorg, uniq_josephine
D:14:     layout_small_grid, david_vaults_2, corexii_hall_statues_x,
          hangedman_incinerator
D:15:     grunt_enter_depths_giant_problem, layout_layer_cave,
          nicolae_tso_carved_into_rock
Temple:   grunt_wide_crystal_templ
Lair:1:   layout_loops_ring, minivault_24, grunt_forest_large_clearings,
          minmay_lair_oklob_chamber
Lair:2:   layout_chaotic_city, grunt_megastairs_1
Lair:3:   layout_loops_ring, elwin_shoals_entry_rooms,
          nicolae_spider_entry_tight_spaces, special_room [special_room_bee],
          zaba_antful_of_joy
Lair:4:   layout_loops_ring, gammafunk_ghost_wrathful_warriors,
          chequers_serial_rivers_micro_c, uniq_nergalle
Lair:5:   layout_concentric_octagons, serial_rivers,
          chequers_serial_rivers_small_3, chequers_serial_rivers_large_a,
          chequers_serial_rivers_room_b, chequers_serial_rivers_micro_e,
          chequers_serial_rivers_marsh, chequers_serial_rivers_small_b,
          portal_ice_cave_rime, chequers_serial_rivers_small_b, dpeg_oklob_1
Lair:6:   grunt_lair_end_beastmaster, layout_concentric_octagons, slime_altar_2,
          kennysheep_abandoned_house
Orc:1:    nicolae_orc_accident_1, layout_caves, basic_altar, uniq_gastronok,
          uniq_erolcha
Orc:2:    st_orc_elflike, layout_diamond_mine, basic_altar
Depths:1: layout_gridlike, kennysheep_small_spiral, hell_entry,
          wad_floor_pattern_untrapped, kennysheep_generic_room_16,
          grunt_megastairs_3, uniq_aizul, uniq_bai_suzhen
IceCv:    ice_cave_caverns_02
Gauntlet: minmay_gauntlet_mixed_big_or_small [gammafunk_gauntlet_arena_grid,
          minmay_gauntlet_arena_77_tiled_triplets,
          gammafunk_gauntlet_arena_corners, minmay_gauntlet_arena_77_path,
          minmay_gauntlet_arena_make_your_own_arena,
          minmay_gauntlet_arena_77_radiant_squares, gauntlet_exit_spiral]

Skill      XL: |  1  2  3  4  5  6  7  8  9 10 11 12 13 14 15 16 |
---------------+-------------------------------------------------+-----
Stealth        | 3 4 5 |  5.0
Conjurations   | 2 3 4 6 7 8 9 10 | 10.6
Fighting       | 1 2 5 6 7 9 10 11 12 | 12.3
Poison Magic   | 1 |  1.0
Maces & Flails | 1 2 4 6 8 9 |  9.5
Fire Magic     | 1 2 3 4 5 |  5.0
Air Magic      | 1 2 3 |  3.0
Summonings     | 2 |  2.0
Spellcasting   | 4 5 6 7 8 9 10 11 12 | 12.9
Translocations | 2 3 |  3.0
Dodging        | 4 5 7 9 11 12 | 12.3
Charms         | 2 4 |  4.0
Evocations     | 3 5 |  5.0
Necromancy     | 3 |  3.0
Shields        | 2 5 7 8 |  8.5
Earth Magic    | 3 5 |  5.0

Action                   |  1- 3 |  4- 6 |  7- 9 | 10-12 | 13-15 | 16-18 || total
-------------------------+-------+-------+-------+-------+-------+-------++-------
Melee: Unarmed           |    21 |       |       |       |       |       ||    21
       Constrict         |    13 |     5 |    23 |    50 |   124 |    14 ||   229
       Tentacles         |     7 |     5 |     9 |    54 |   157 |    23 ||   255
       Dagger            |    26 |     3 |       |       |       |       ||    29
       Short sword       |       |    11 |       |       |       |       ||    11
       Whip              |       |    39 |   156 |   356 |   999 |   165 ||  1715
       Trident           |       |       |       |       |    11 |    18 ||    29
Throw: Stone             |     3 |       |     2 |       |       |       ||     5
       Javelin           |       |       |       |     2 |     3 |     2 ||     7
 Cast: Magic Dart        |    49 |    92 |   221 |   394 |   543 |       ||  1299
       Conjure Flame     |     1 |     9 |    18 |    56 |   103 |    16 ||   203
       Mephitic Cloud    |     1 |     4 |    15 |    18 |    48 |    12 ||    98
       Shroud of Golubri |       |       |       |    10 |    45 |     3 ||    58
       Blink             |       |       |       |     7 |     7 |     5 ||    19
       Regeneration      |       |       |       |     4 |    37 |       ||    41
       Iskenderun's Batt |       |       |       |       |    39 |       ||    39
       Call Imp          |       |       |       |       |     4 |       ||     4
       Shock             |       |       |       |       |   100 |   124 ||   224
       Airstrike         |       |       |       |       |    50 |    57 ||   107
       Bolt of Magma     |       |       |       |       |    34 |    69 ||   103
Evoke: Wand              |       |       |       |       |     4 |       ||     4
  Use: Scroll            |     1 |     7 |     6 |     5 |    17 |     1 ||    37
       Potion            |       |       |       |     2 |     2 |     4 ||     8
 Stab: Sleeping          |     4 |     6 |     6 |     5 |     4 |       ||    25
       Confused          |       |     2 |     4 |     8 |    27 |     1 ||    42
       Distracted        |       |       |       |     3 |     1 |     2 ||     6
  Eat: Chunk             |     2 |    10 |    14 |    34 |    67 |    17 ||   144
       Ration            |       |       |       |     1 |       |       ||     1
Armor: Skin              |     6 |     9 |    32 |    63 |   149 |    25 ||   284
Dodge: Dodged            |    29 |    25 |    86 |   251 |   621 |   103 ||  1115
Block: Shield            |       |       |       |       |   351 |   122 ||   473

Table legend:
 A = Non-vault XP
 B = Vault XP
 C = Vault XP percentage of total XP
 D = Non-vault monster count
 E = Vault monster count
 F = Vault count percentage of total count
                 A         B        C        D         E       F
            +---------+---------+-------+---------+---------+-------
      Total |   94581 |   72551 |  43.4 |     565 |     294 |  34.2
            +---------+---------+-------+---------+---------+-------
        D:1 |      46 |       7 |  13.2 |      16 |       6 |  27.3
        D:2 |      97 |       6 |   5.8 |      26 |       5 |  16.1
        D:3 |      60 |       0 |   0.0 |      10 |       0 |   0.0
        D:4 |     603 |      52 |   7.9 |      21 |       5 |  19.2
        D:5 |     756 |     669 |  46.9 |      28 |       5 |  15.2
        D:6 |     917 |     374 |  29.0 |      21 |       2 |   8.7
        D:7 |     461 |     121 |  20.8 |      15 |       1 |   6.2
        D:8 |    1161 |     902 |  43.7 |      24 |       1 |   4.0
        D:9 |    1975 |     111 |   5.3 |      16 |       1 |   5.9
       D:10 |     217 |       0 |   0.0 |      12 |       0 |   0.0
       D:11 |    2462 |    1325 |  35.0 |      22 |      14 |  38.9
       D:12 |    5330 |       0 |   0.0 |      39 |       0 |   0.0
       D:13 |    6739 |    7782 |  53.6 |      32 |      11 |  25.6
       D:14 |    4901 |    3884 |  44.2 |      24 |      10 |  29.4
       D:15 |   21205 |    1443 |   6.4 |      53 |       1 |   1.9
     Lair:1 |    2825 |    5446 |  65.8 |      12 |      31 |  72.1
     Lair:2 |    1456 |    4190 |  74.2 |      11 |       8 |  42.1
     Lair:3 |    9360 |    6989 |  42.7 |      36 |      64 |  64.0
     Lair:4 |    6266 |     773 |  11.0 |      15 |       1 |   6.2
     Lair:5 |    7483 |    3555 |  32.2 |      26 |       7 |  21.2
     Lair:6 |   10148 |    7424 |  42.2 |      37 |      25 |  40.3
      Orc:1 |    1670 |    4510 |  73.0 |      27 |       6 |  18.2
      Orc:2 |    5155 |    6997 |  57.6 |      37 |      25 |  40.3
   Depths:1 |    3288 |       0 |   0.0 |       5 |       0 |   0.0
      IceCv |       0 |   12226 | 100.0 |       0 |      53 | 100.0
   Gauntlet |       0 |    3765 | 100.0 |       0 |      12 | 100.0
            +---------+---------+-------+---------+---------+-------
